AoeStats
← Bu7

Glade

510298930Analyzed
1v1 RM · 2d ago on Sep 30, 2026· 47m 15s· 2 players
Game mode
Random Map
Map size
Tiny (2 player)
Population
200
Speed
Normal
Resources
Standard
Victory
Conquest
Starting age
Dark Age
Ending age
Imperial Age
RankedLock teamsTeams togetherTeam positionsShared explorationLock speedFull tech treeHidden civsTurbo modeCheats
Victory
Defeat
🇬🇧 Saxons · United Kingdom
845
+18
🇹🇷 Vikings · Türkiye
897
-18
Wōðanaz
9:07 Feudal Age
9:49 Man-at-Arms
12:02 Double-Bit Axe
21:48 Castle Age
21:02 Fletching
21:14 Padded Archer Armor
21:36 Arson
22:04 Stone Mining
24:20 Gold Mining
29:26 Bodkin Arrow
31:17 Scale Mail Armor
33:20 Wheelbarrow
40:13 Imperial Age
38:31 Crossbowman
41:40 Gold Shaft Mining
44:31 Arbalester
Bu7
10:49 Feudal Age
10:28 Loom
11:49 Double-Bit Axe
12:34 Man-at-Arms
13:26 Gold Mining
13:20 Horse Collar
14:16 Fletching
15:12 Forging
18:50 Scale Mail Armor
19:48 Town Watch
22:17 Castle Age
21:37 Arson
22:37 Long Swordsman
24:42 Bow Saw
24:36 Heavy Plow
24:12 Long Swordsman
26:11 Squires
27:20 Iron Casting
28:16 Bodkin Arrow
28:34 Town Patrol
28:30 Stone Mining
32:23 Chain Mail Armor
36:31 Masonry
36:05 Treadmill Crane
40:12 Chieftains
44:29 Imperial Age
46:30 Blast Furnace
46:44 Elite Berserk
Connection lost

Rejoining the realm…

Still unreachable

The connection could not be restored.

Session expired

The server has moved on; the page needs a fresh start.